Map: Winter Madness LE

Players

Clem - Winner!

  • Race: Terran Terran

Classic

  • Race: Protoss Protoss

VOD

Have the link to the VOD?

Description

Time

  • Played on: Jan. 17, 2026, 2:38 a.m.
  • Length: 10:40
Show
View Real Time Build Order
Export as new Build Order

Clem Terran - Winner!

Build Orders: 1/1/1, Cyclone Opening 

Get SALT Encoding   

  12  0:00  SCV  
  13  0:12  SCV  
  14  0:16  Supply Depot  
  14  0:24  SCV  
  15  0:38  SCV  
  15  0:39  Barracks  
  15  0:42  Refinery  
  16  0:50  SCV  
  16  0:52  Refinery  
  17  1:02  SCV  
  18  1:14  SCV  
  19  1:26  Reaper, Orbital Command  
  19  1:30  Supply Depot  
  20  1:40  Factory  
  20  1:52  SCV  
  21  1:59  Barracks Reactor  
  21  2:04  SCV  
  22  2:14  Command Center  
  22  2:17  SCV  
  23  2:27  Starport  
  23  2:30  Factory Tech Lab  
  23  2:33  SCV  
  24  2:38  Supply Depot  
  24  2:43  Marine  
  24  2:44  Marine  
  26  2:47  SCV  
  27  2:56  Cyclone  
  30  3:03  Medivac  
  30  3:05  Marine  
  32  3:07  Marine  
  32  3:11  SCV  
  35  3:23  Marine  
  35  3:25  SCV, Marine  
  37  3:35  Factory Tech Lab  
  37  3:37  SCV  
  37  3:40  Cloaking Field, Banshee  
  41  3:43  Marine x2  
  43  3:49  Orbital Command  
  43  3:52  SCV  
  44  4:03  Siege Tank  
  44  4:04  SCV  
  47  4:10  Marine x2  
  47  4:16  SCV, Supply Depot  
  50  4:18  SCV  
  50  4:23  Banshee  
  54  4:27  Barracks  
  54  4:32  Supply Depot  
  54  4:37  Marine x2, SCV x2  
  58  4:45  Siege Tank  
  61  4:49  SCV  
  61  4:52  Supply Depot  
  62  4:53  SCV  
  62  4:55  Marine x2  
  65  5:01  Barracks  
  65  5:02  SCV  
  65  5:06  SCV  
  67  5:13  Marine x2, Refinery  
  67  5:14  SCV  
  70  5:18  SCV  
  70  5:20  Supply Depot  
  71  5:21  Siege Tank  
  71  5:26  Marine  
  75  5:29  SCV  
  75  5:30  SCV  
  75  5:31  Stimpack  
  75  5:33  Marine  
  78  5:36  Refinery  
  78  5:41  Marine, SCV  
  78  5:42  SCV  
  81  5:44  Marine  
  81  5:50  Supply Depot  
  81  5:53  SCV  
  81  5:54  SCV  
  81  5:56  Starport Reactor, Marine  
  84  5:59  Supply Depot  
  84  6:02  Marine  
  84  6:04  Factory Reactor  
  85  6:05  SCV  
  85  6:09  Combat Shield  
  85  6:11  SCV  
  86  6:12  Marauder  
  86  6:13  Marauder  
  86  6:18  SCV  
  91  6:20  Supply Depot, Marine  
  92  6:26  Marine  
  92  6:27  Engineering Bay  
  93  6:33  Medivac x2, Marauder  
  93  6:36  Supply Depot  
  93  6:38  Marine  
  93  6:39  Marauder  
  102  6:44  Marine  
  88  6:48  Widow Mine x2  
  82  6:55  Marauder  
  82  6:56  Terran Infantry Weapons Level 1, Marine  
  82  6:58  SCV  
  86  7:02  Command Center  
  86  7:04  Marine  
  86  7:05  Medivac  
  86  7:06  Medivac  
  91  7:10  Marauder  
  91  7:13  Widow Mine x2  
  97  7:16  Marauder  
  97  7:22  Supply Depot  
  99  7:24  Marine x2  
  99  7:28  Concussive Shells  
  101  7:32  Marauder  
  103  7:37  Marauder  
  103  7:38  Barracks  
  103  7:39  Barracks  
  103  7:40  Liberator  
  103  7:42  Viking  
  110  7:46  Supply Depot  
  110  7:49  Widow Mine x2  
  114  7:51  Marine  
  114  7:52  Marine  
  114  7:54  SCV x2  
  118  7:59  Marauder  
  118  8:05  Supply Depot  
  117  8:06  SCV x2  
  117  8:07  Marauder  
  117  8:11  Marine x2  
  125  8:13  Widow Mine x2  
  125  8:16  Orbital Command  
  124  8:20  Marauder  
  119  8:27  Barracks Tech Lab  
  119  8:28  Marauder  
  119  8:29  Medivac x2  
  119  8:31  Barracks Tech Lab, Marine x2  
  119  8:32  SCV  
  118  8:34  SCV  
  119  8:41  Marine  
  119  8:42  Orbital Command  
  119  8:44  SCV  
  119  8:46  SCV  
  119  8:47  Widow Mine x2  
  126  8:49  Marine  
  126  8:54  Ghost Academy  
  126  8:55  Marauder  
  129  8:56  SCV, Marine  
  129  9:01  Marauder  
  133  9:04  SCV  
  133  9:06  Medivac  
  133  9:07  Supply Depot  
  133  9:08  Medivac  
  133  9:09  Marine  
  138  9:13  SCV  
  138  9:14  SCV  
  140  9:18  SCV  
  140  9:21  Marine  
  140  9:22  Supply Depot, Widow Mine x2  
  140  9:23  Ghost  
  144  9:27  Orbital Command  
  144  9:29  Marine  
  144  9:30  Ghost  
  146  9:33  Bunker  
  146  9:35  Supply Depot  
  146  9:38  Engineering Bay  
  142  9:40  Ghost  
  142  9:44  Supply Depot  
  141  9:46  Widow Mine x2  
  141  9:50  Marine  
  134  9:59  Ghost  
  121  10:03  Marauder  
  121  10:06  Marauder  
  123  10:08  Marine  
  123  10:10  Marauder  
  123  10:11  Orbital Command, Marine  
Show
View Real Time Build Order
Export as new Build Order

Classic Protoss 

Build Orders: 1 Gate Expand, Blink Stalkers 

Get SALT Encoding   

  12  0:00  Probe  
  13  0:12  Probe  
  14  0:17  Pylon  
  14  0:24  Probe  
  15  0:33  Probe  
  15  0:36  Gateway  
  15  0:41  Probe  
  16  0:46  Assimilator  
  17  0:51  Probe  
  18  1:03  Probe  
  19  1:15  Probe  
  20  1:23  Cybernetics Core  
  20  1:32  Nexus  
  20  1:38  Pylon  
  20  1:41  Probe  
  20  1:46  Assimilator  
  21  1:49  Adept  
  21  1:53  Probe  
  22  1:59  Warp Gate  
  24  2:05  Probe  
  25  2:16  Stalker  
  25  2:17  Probe  
  28  2:29  Probe  
  29  2:35  Twilight Council  
  29  2:38  Probe  
  29  2:39  Shield Battery  
  29  2:40  Probe  
  31  2:46  Probe  
  31  2:48  Probe  
  32  2:51  Stalker  
  32  2:56  Probe  
  32  2:58  Probe, Blink  
  37  3:08  Probe  
  37  3:10  Probe  
  39  3:13  Gateway  
  39  3:22  Probe x2  
  39  3:24  Sentry  
  43  3:34  Pylon, Gateway  
  43  3:36  Probe  
  43  3:38  Probe  
  45  3:42  Assimilator  
  45  3:47  Robotics Facility  
  45  3:50  Probe  
  45  3:52  Probe  
  45  3:53  Pylon  
  47  3:57  Stalker  
  47  4:02  Probe  
  50  4:09  Probe  
  50  4:14  Probe  
  51  4:21  Probe  
  51  4:24  Assimilator  
  52  4:25  Pylon  
  52  4:26  Probe  
  53  4:33  Probe  
  53  4:36  Observer  
  53  4:38  Probe, Pylon  
  56  4:39  Templar Archives  
  56  4:42  Pylon  
  56  4:46  Probe  
  56  4:50  Probe  
  58  4:54  Observer  
  58  4:58  Probe  
  60  5:00  Nexus  
  60  5:04  Charge  
  60  5:05  Stalker x3  
  60  5:06  Shield Battery  
  67  5:10  Pylon  
  66  5:15  Immortal  
  68  5:31  Stalker x2  
  68  5:34  Shield Battery  
  72  5:36  Stalker  
  73  5:50  Pylon  
  73  5:53  Pylon  
  73  5:55  Immortal  
  77  5:58  Stalker x2  
  77  6:00  Stalker  
  79  6:11  Probe x2  
  81  6:20  Gateway  
  81  6:22  Gateway  
  81  6:23  Probe  
  81  6:24  Probe  
  83  6:25  Zealot  
  83  6:26  Zealot x2  
  83  6:31  Pylon  
  89  6:35  Psionic Storm  
  89  6:36  Probe x2  
  82  6:48  Probe x2  
  82  7:00  Probe x2  
  84  7:01  Nexus  
  84  7:04  High Templar x2  
  88  7:09  Pylon  
  88  7:12  Probe x2  
  89  7:15  Cybernetics Core  
  87  7:24  Probe x2  
  87  7:25  Observer  
  87  7:29  Gateway  
  90  7:30  Gateway  
  90  7:32  High Templar  
  90  7:33  High Templar  
  90  7:36  Probe x2, Observer  
  96  7:47  Gateway  
  96  7:48  Probe, Gateway  
  96  7:49  Probe  
  98  8:00  Probe  
  98  8:01  Probe  
  98  8:03  Zealot x2  
  103  8:07  Warp Prism  
  103  8:12  High Templar, Probe  
  105  8:13  Zealot, Probe  
  86  8:34  High Templar x2, Zealot x2  
  86  8:35  Zealot  
  96  8:42  Stalker  
  96  8:43  Probe x3  
  96  8:46  Pylon  
  101  8:53  Observer  
  101  8:55  High Templar  
  104  8:56  Zealot x4  
  104  8:59  Probe x3  
  104  9:01  Pylon  
  115  9:07  Assimilator  
  115  9:10  Assimilator  
  115  9:11  Probe x3  
  115  9:14  Pylon  
  118  9:21  Zealot  
  118  9:22  Zealot x6  
  123  9:33  High Templar  
  102  10:03  Archon  
  102  10:06  Archon  
  96  10:11  Zealot  
  96  10:12  Zealot  
  90  10:14  Zealot x2  
  65  10:23  High Templar  
Tags
 
Add a new tag
Caveats
  • Supply blocks, unpowered buildings, or Contaminate may cause inaccurate times.
  • Supply counts are checked every 10 seconds.